 Dungeon Crawl Stone Soup version 0.27.1-2-g3b301248ec (webtiles) character file.

Game seed: 4775444686421855392

3473 Rickety the Magician (level 10, -2/73 HPs)
             Began as a Gnoll Venom Mage on Sept 22, 2021.
             Was a Follower of Sif Muna.
             Slain by a warg (12 damage)
             ... on level 8 of the Dungeon.
             The game lasted 00:31:44 (10853 turns).

Rickety the Magician (Gnoll Venom Mage)            Turns: 10853, Time: 00:31:44

Health: -2/73      AC:  6    Str:  8    XL:     10   Next: 6%
Magic:  12/20      EV: 14    Int: 18    God:    Sif Muna [*.....]
Gold:   453        SH:  0    Dex: 12    Spells: 11/23 levels left

rFire    . . .     SeeInvis .   a - staff of poison
rCold    . . .     Faith    .   (no shield)
rNeg     + . .     Spirit   .   f - +0 steam dragon scales
rPois    +         Reflect  .   (no helmet)
rElec    .         Harm     .   p - scarf {repulsion}
rCorr    .         Rampage  .   (no gloves)
Will     .....                  (no boots)
Stlth    +++.......             n - amulet of regeneration
HPRegen  1.22/turn              j - ring of positive energy
MPRegen  0.17/turn              (no ring)

@: repel missiles
A: fangs 1, strong nose, distributed training
a: Renounce Religion, Channel Magic


You were on level 8 of the Dungeon.
You worshipped Sif Muna.
Sif Muna was aware of your devotion.
You visited 2 branches of the dungeon, and saw 9 of its levels.

You collected 453 gold pieces.

Inventory:

Hand Weapons
 b - a +2 dagger of electrocution
 c - a +0 dagger of venom
 h - a +0 short sword
 D - a +2 dagger of venom
 E - a +2 dagger of speed
Missiles
 d - 23 poisoned darts
 g - a throwing net
 y - 2 curare-tipped darts
Armour
 f - +0 steam dragon scales (worn)
 p - a scarf of repulsion (worn)
 q - a +0 robe
 C - a +0 leather armour of fire resistance
Magical Staves
 a - a staff of poison (weapon)
 v - a staff of cold
Jewellery
 e - a ring of fire
 j - a ring of positive energy (left hand)
 n - an amulet of regeneration (around neck)
Wands
 m - a wand of iceblast (8)
 r - a wand of flame (15)
Scrolls
 i - 3 scrolls of identify
 k - 3 scrolls of enchant weapon
 l - a scroll of acquirement
 o - a scroll of blinking
 s - a scroll of amnesia
 t - a scroll of enchant armour
 u - a scroll of magic mapping {unknown}
 w - 2 scrolls of immolation {unknown}
 B - 2 scrolls of fog {unknown}
Potions
 x - a potion of invisibility
 A - a potion of cancellation


   Skills:
 + Level 4.9 Fighting
 + Level 4.9 Short Blades
 + Level 4.9 Long Blades
 + Level 4.9 Axes
 + Level 4.9 Maces & Flails
 + Level 4.9 Polearms
 + Level 4.9 Staves
 + Level 4.9 Slings
 + Level 4.9 Bows
 + Level 4.9 Crossbows
 + Level 4.9 Throwing
 + Level 4.9 Armour
 + Level 6.8 Dodging
 + Level 6.5 Stealth
 + Level 4.9 Shields
 + Level 4.9 Unarmed Combat
 + Level 7.1 Spellcasting
 + Level 4.0 Conjurations
 + Level 4.0 Hexes
 + Level 4.0 Summonings
 + Level 4.0 Necromancy
 + Level 4.0 Translocations
 + Level 4.6 Transmutations
 + Level 4.0 Fire Magic
 + Level 4.0 Ice Magic
 + Level 4.0 Air Magic
 + Level 4.0 Earth Magic
 + Level 6.9 Poison Magic
 + Level 5.3 Invocations
 + Level 4.9 Evocations


You had 11 spell levels left.
You knew the following spells:

 Your Spells              Type           Power      Damage    Failure   Level
a - Sting                 Tmut/Pois      100%       1d8       1%          1
l - Blink                 Tloc           N/A        N/A       3%          2
m - Mephitic Cloud        Conj/Pois/Air  36%        N/A       4%          3
v - Poisonous Vapours     Pois/Air       78%        N/A       1%          2
x - Olgreb's Toxic Radia  Pois           46%        N/A       6%          4

Your spell library contained the following spells:

 Spells                   Type           Power      Damage    Failure   Level
 Manifold Assault         Tloc           21%        N/A       50%         5
 Storm Form               Tmut/Air       11%        N/A       100%        7


Dungeon Overview and Level Annotations

Branches:
Dungeon (8/15)             Temple (1/1) D:7            Lair (0/6) D:8

Altars:
Ashenzari
Cheibriados
Dithmenos
Elyvilon
Fedhas
Gozag
Hepliaklqana
Kikubaaqudgha
Nemelex Xobeh
Okawaru
Ru
Sif Muna
Trog
Wu Jian
Xom
Yredelemnul
Zin
The Shining One

Annotations:
D:3 2 transporters
D:5 3 runed translucent doors, greenlake's ghost, novice DsFi
D:6 Grinder; Maggie


Innate Abilities, Weirdness & Mutations

You have very sharp teeth.
Your uncanny sense of smell can sniff out nearby items.
Your experience applies equally to all skills.


Message History

The warg is almost dead.
The warg bites you. x2
Unknown command.
Casting: Sting (safe; 1% risk of failure)
Confirm with . or Enter, or press ? or * to list all spells.
Aiming: Sting (safe; 1% risk of failure)
Press: ? - help, Shift-Dir - straight line, f/p - warg
Aim: a warg (severely wounded, 72% to hit)
You feel a surge of power!
The sting hits the warg.
The warg partially resists.
The warg looks even sicker.
The warg is almost dead.
You kill the warg!
Sif Muna accepts your kill.
Casting: Sting (safe; 1% risk of failure)
Confirm with . or Enter, or press ? or * to list all spells.
Aiming: Sting (safe; 1% risk of failure)
Press: ? - help, Shift-Dir - straight line, f/p - warg
Aim: a warg (severely wounded, 72% to hit)
You feel a surge of power!
The sting hits the warg but does no damage.
The warg is poisoned.
The warg is severely wounded.
The warg bites you.
Casting: Sting (safe; 1% risk of failure)
Confirm with . or Enter, or press ? or * to list all spells.
Aiming: Sting (safe; 1% risk of failure)
Press: ? - help, Shift-Dir - straight line, f/p - warg
Aim: a warg (severely wounded, poisoned, 72% to hit)
You feel a surge of power!
The sting hits the warg.
The warg partially resists.
The warg is severely wounded.
The warg bites you!
* * * LOW HITPOINT WARNING * * *
The warg misses you. The warg bites you!
* * * LOW HITPOINT WARNING * * *
There is an open door here.
Things that are here:
a +0 trident; a +0 robe The warg looks more healthy.
The warg bites you!
You die...

#......# #(# ###.#### #.#
#.# #.# ##'## ##.#####
##...## #......# # ##.....##
###...##.# ## ##.......##
##.#.#.##.#
.####.........####....#.##)#
....'.........'h@.......##.#
..###...##.##...##.....###<#
#.# ##...#.#...(###.#..# #.#
..# #.#.....#..# ###..###.#
### #.##...##..# #......#
#...._....## ##.#####
#.##...##.## #.#
#.#.....#..######.# ....#
#...........#


You could see a warg.

Vanquished Creatures
  A two-headed ogre (D:8)
  A steam dragon (D:6)
  2 wargs
  An acid dragon (D:8)
  A water moccasin (D:7)
  An orc warrior (D:8)
  2 black bears
  2 ogres
  A phantom (D:6)
  3 centaurs
  4 kobold brigands
  A gnoll sergeant (D:6)
  A bullfrog (D:8)
  2 water moccasin skeletons
  8 wights
  2 centaur zombies
  4 hounds
  2 jellies (D:7)
  A centaur skeleton (D:6)
  A bullfrog skeleton (D:7)
  An iguana (D:6)
  5 orc wizards
  A killer bee zombie (D:8)
  A hound zombie (D:5)
  9 gnolls
  A howler monkey skeleton (D:5)
  A river rat (D:5)
  2 adders
  An ufetubus (D:5)
  2 dart slugs
  A worm (D:5)
  19 orcs
  7 endoplasms
  4 giant cockroaches
  20 goblins
  9 hobgoblins
  4 quokkas
  9 ball pythons
  3 bats
  4 frilled lizards
  13 kobolds
  10 rats
168 creatures vanquished.

Vanquished Creatures (others)
  2 plants (D:8)
2 creatures vanquished.

Grand Total: 170 creatures vanquished

Notes
Turn   | Place    | Note
-------+----------+-------------------------------------------
     0 | D:1      | Rickety the Gnoll Venom Mage began the quest for the Orb.
     0 | D:1      | Reached XP level 1. HP: 13/13 MP: 6/6
   186 | D:1      | Reached XP level 2. HP: 16/19 MP: 0/7
   189 | D:1      | Learned a level 2 spell: Poisonous Vapours
   659 | D:1      | Reached XP level 3. HP: 25/25 MP: 1/9
   664 | D:1      | Learned a level 3 spell: Mephitic Cloud
   767 | D:1      | Reached skill level 5 in Spellcasting
  1371 | D:1      | Learned a level 2 spell: Blink
  1611 | D:2      | Found a faded altar of an unknown god.
  1613 | D:2      | Reached skill level 1 in Invocations
  1628 | D:2      | HP: 1/25 [gnoll (7)]
  1664 | D:2      | Reached skill level 1 in Fighting
  1664 | D:2      | Reached skill level 1 in Short Blades
  1664 | D:2      | Reached skill level 1 in Long Blades
  1664 | D:2      | Reached skill level 1 in Axes
  1664 | D:2      | Reached skill level 1 in Maces & Flails
  1664 | D:2      | Reached skill level 1 in Polearms
  1664 | D:2      | Reached skill level 1 in Staves
  1664 | D:2      | Reached skill level 1 in Slings
  1664 | D:2      | Reached skill level 1 in Bows
  1664 | D:2      | Reached skill level 1 in Crossbows
  1664 | D:2      | Reached skill level 1 in Throwing
  1664 | D:2      | Reached skill level 1 in Armour
  1664 | D:2      | Reached skill level 1 in Shields
  1664 | D:2      | Reached skill level 1 in Unarmed Combat
  1664 | D:2      | Reached skill level 1 in Evocations
  1990 | D:2      | Noticed an ogre
  2004 | D:2      | Killed an ogre
  2005 | D:2      | Reached skill level 1 in Conjurations
  2005 | D:2      | Reached skill level 1 in Hexes
  2005 | D:2      | Reached skill level 1 in Summonings
  2005 | D:2      | Reached skill level 1 in Necromancy
  2005 | D:2      | Reached skill level 1 in Translocations
  2005 | D:2      | Reached skill level 1 in Fire Magic
  2005 | D:2      | Reached skill level 1 in Ice Magic
  2005 | D:2      | Reached skill level 1 in Air Magic
  2005 | D:2      | Reached skill level 1 in Earth Magic
  2005 | D:2      | Reached XP level 4. HP: 32/32 MP: 1/11
  2005 | D:2      | Reached XP level 5. HP: 37/37 MP: 1/12
  2132 | D:2      | Found a bloodstained altar of Trog.
  3492 | D:3      | Learned a level 4 spell: Olgreb's Toxic Radiance
  3791 | D:3      | Found a hazy altar of Hepliaklqana.
  3792 | D:3      | Found a transporter.
  4014 | D:2      | Reached XP level 6. HP: 32/44 MP: 5/13
  4254 | D:3      | Found an opulent altar of Gozag.
  4399 | D:3      | Found a transporter.
  5447 | D:5      | Entered Level 5 of the Dungeon
  5522 | D:5      | Identified 2 scrolls of acquirement
  5522 | D:5      | Acquired a staff of poison
  5549 | D:5      | Reached skill level 5 in Dodging
  5651 | D:5      | Found a glowing golden altar of the Shining One.
  6421 | D:5      | Found a shimmering altar of Xom.
  6448 | D:5      | Found a runed translucent gate.
  6449 | D:5      | Found a runed translucent gate.
  6450 | D:5      | Found a runed translucent gate.
  6596 | D:5      | Noticed greenlake's ghost (novice DsFi)
  6647 | D:5      | Found a glowing silver altar of Zin.
  6943 | D:6      | Reached XP level 7. HP: 43/50 MP: 15/15
  7185 | D:6      | Found an ornate altar of the Wu Jian Council.
  7247 | D:6      | Noticed Maggie
  7249 | D:6      | Noticed Grinder
  7250 | D:6      | Paralysed by Grinder for 2 turns
  7257 | D:6      | HP: 1/51 [Maggie (19)]
  7374 | D:6      | Reached skill level 5 in Stealth
  7402 | D:6      | Noticed a steam dragon
  7415 | D:6      | Killed a steam dragon
  7416 | D:6      | Reached XP level 8. HP: 21/57 MP: 5/16
  7904 | D:7      | Reached skill level 6 in Spellcasting
  8756 | D:7      | Found a staircase to the Ecumenical Temple.
  8762 | Temple   | Entered the Ecumenical Temple
  8774 | Temple   | Became a worshipper of Sif Muna the Loreminder
  9130 | D:8      | Noticed a two-headed ogre
  9279 | D:8      | Found a staircase to the Lair.
  9439 | D:8      | Killed a two-headed ogre
  9440 | D:8      | Reached XP level 9. HP: 65/65 MP: 9/18
  9513 | D:8      | Found a basalt altar of Yredelemnul.
  9867 | D:8      | Found a sacrificial altar of Ru.
  9946 | D:8      | Reached skill level 5 in Invocations
 10487 | D:8      | Reached skill level 7 in Spellcasting
 10585 | D:8      | Reached XP level 10. HP: 62/73 MP: 18/20
 10687 | D:8      | Reached * piety under Sif Muna
 10853 | D:8      | Slain by a warg

Illustrated notes

Levels and vault maps discovered:
D:1:      dpeg_arrival_tiny_k, layout_basic
D:2:      layout_basic, basic_altar, ebering_ecumenical_altar_box,
          minmay_goblin_outpost
D:3:      layout_rooms, mainiacjoe_overflow_concentric_impassable,
          gammafunk_temple_overflow_arena, minmay_liquid_box
D:4:      layout_basic, minmay_statues_item
D:5:      layout_basic, lemuel_coloured_pillars_altar, lemuel_crystal_altar,
          amcnicky_altar_gilded, gammafunk_ghost_nasty_kobolds,
          gup_sewer_entry_spiral
D:6:      layout_basic, nicolae_wu_jian_wuxing_cycle, uniq_grinder, uniq_maggie
D:7:      layout_basic, minmay_temple_entry_nine_rooms
D:8:      layout_loops_corners, nicolae_ru_sacrificial_ziggurat,
          mainiacjoe_overflow_small_starburst, erik_lair_orcish_takeover,
          minmay_diced_spiral
Temple:   eino_wide_crystal_templ

Skill      XL: |  1  2  3  4  5  6  7  8  9 10 |
---------------+-------------------------------+-----
Transmutations | 2 3 4 |  4.6
Spellcasting   | 5 6 7 |  7.1
Invocations    | 1 2 3 4 5 |  5.3
Fighting       | 1 2 4 |  4.9
Short Blades   | 1 2 4 |  4.9
Long Blades    | 1 2 4 |  4.9
Axes           | 1 2 4 |  4.9
Maces & Flails | 1 2 4 |  4.9
Polearms       | 1 2 4 |  4.9
Staves         | 1 2 4 |  4.9
Slings         | 1 2 4 |  4.9
Bows           | 1 2 4 |  4.9
Crossbows      | 1 2 4 |  4.9
Throwing       | 1 2 4 |  4.9
Armour         | 1 2 4 |  4.9
Shields        | 1 2 4 |  4.9
Unarmed Combat | 1 2 4 |  4.9
Evocations     | 1 2 4 |  4.9
Conjurations   | 1 2 3 4 |  4.0
Hexes          | 1 2 3 4 |  4.0
Summonings     | 1 2 3 4 |  4.0
Necromancy     | 1 2 3 4 |  4.0
Translocations | 1 2 3 4 |  4.0
Fire Magic     | 1 2 3 4 |  4.0
Ice Magic      | 1 2 3 4 |  4.0
Air Magic      | 1 2 3 4 |  4.0
Earth Magic    | 1 2 3 4 |  4.0
Dodging        | 5 6 |  6.8
Stealth        | 5 6 |  6.5
Poison Magic   | 6 |  6.9

Action                   |  1- 3 |  4- 6 |  7- 9 | 10-12 || total
-------------------------+-------+-------+-------+-------++-------
Melee: Dagger            |    16 |    49 |   123 |     4 ||   192
       Short sword       |     2 |       |       |       ||     2
       Bite              |       |     7 |    15 |       ||    22
       Staff             |       |    66 |    37 |     8 ||   111
       Punch             |       |       |     3 |     1 ||     4
 Cast: Sting             |    24 |    48 |    79 |    18 ||   169
       Poisonous Vapours |    37 |    62 |    36 |     7 ||   142
       Mephitic Cloud    |     2 |     5 |    24 |     2 ||    33
       Olgreb's Toxic Ra |       |       |     6 |       ||     6
       Blink             |       |       |     2 |       ||     2
  Use: Scroll            |       |     5 |     5 |       ||    10
       Potion            |       |       |     7 |     1 ||     8
 Stab: Sleeping          |     2 |     7 |     4 |       ||    13
       Confused          |       |       |     4 |       ||     4
       Invisible         |       |       |     1 |       ||     1
Armor: Robe              |     1 |    15 |     1 |       ||    17
       Steam dragon scal |       |       |    53 |     5 ||    58
Dodge: Dodged            |    14 |   101 |   174 |    24 ||   313
       Repelled          |       |       |     1 |       ||     1
